Workbook

Sheet DETAILS
A1: CUSTOMER ORDER FORM
A3: CUSTOMER: 2018 MIDGET BOX LACROSSE NATIONALS
A5: DATE: | C5: ORDER SUMMARY:
B6: JUNE 21, 2018 | D6: 1-MEN'S SHOOTER SHIRTS -
D7: 2-WOMEN'S SHOOTER SHIRTS -
D8: 3-MEN'S POLO SHIRTS -
D9: 4-WOMEN'S POLO SHIRTS -
A10: INVOICE TO: | D10: 5-MEN'S LACROSSE-BASKETBALL SHORTS -
B11: DENNIS DEIS | D11: 6-WOMEN'S LACROSSE-BASKETBALL SHORTS -
B12: 4 GAINSBOROUGH DRIVE SW | D12: 7-MEN'S JACKETS -
B13: CALGARY, AB T3E 4W7 | D13: 8-WOMEN'S JACKETS -
B14: CANADA | D14: 9-GREY HOODIES -
B15: PHONE: +1 403 819 9000 | D15: 10-BLUE HOODIES -
B16: EMAIL: DDEIS13@GMAIL.COM | D16: 11-TARTAN HOODIES -
D17: 12-BASEBALL HATS -
D18: 13-BUCKET HATS -
A20: SHIP TO:
B21: DENNIS DEIS
B22: 4 GAINSBOROUGH DRIVE SW
B23: CALGARY, AB T3E 4W7
B24: CANADA
B25: PHONE: +1 403 819 9000
B26: EMAIL: DDEIS13@GMAIL.COM
A30: DETAILS:

Sheet APPAREL GRAPHICS 1
A1: APPAREL GRAPHICS 1
A3: =DETAILS!A3 -> CUSTOMER: 2018 MIDGET BOX LACROSSE NATIONALS

Sheet APPAREL GRAPHICS 2
A1: APPAREL GRAPHICS 2
A3: =DETAILS!A3 -> CUSTOMER: 2018 MIDGET BOX LACROSSE NATIONALS

Sheet 1-MEN'S SHORT-SLEEVED SHIRTS
A1: 1-MEN'S SHORT-SLEEVED SHIRTS
A3: =DETAILS!A3 -> CUSTOMER: 2018 MIDGET BOX LACROSSE NATIONALS | G3: GRAPHIC: 1
A5: MEN'S SHORT-SLEEVED SHIRTS WILL BE PRODUCED USING APPROVED GRAPHICS MADE FROM UNDER ARMOUR "BAVLNA" MATERIAL. SIZING IS AS SHOWN BELOW USING APPROPRIATE SIZING CHART.
A6: ORDER NUMBER | B6: SIZE | C6: PRICE | D6: NOTES
A7: 1 | C7: 35
A8: 2 | C8: 35
A9: 3 | C9: 35
A10: 4 | C10: 35
A11: 5 | C11: 35
A12: 6 | C12: 35
A13: 7 | C13: 35
A14: 8 | C14: 35
A15: 9 | C15: 35
A16: 10 | C16: 35
A17: 11 | C17: 35
A18: 12 | C18: 35
... A36: 30 | C36: 35
C37: =SUM(C7:C36) -> 1050

Sheet 2-WOMEN'S SHORT-SLEEVED SHIRTS
A1: 2-WOMEN'S SHORT-SLEEVED SHIRTS
A3: =DETAILS!A3 -> CUSTOMER: 2018 MIDGET BOX LACROSSE NATIONALS | G3: GRAPHIC: 2
A5: WOMEN'S SHORT-SLEEVED SHIRTS WILL BE PRODUCED USING APPROVED GRAPHICS MADE FROM UNDER ARMOUR "BAVLNA" MATERIAL. SIZING IS AS SHOWN BELOW USING APPROPRIATE SIZING CHART.
A6: ORDER NUMBER | B6: SIZE | C6: PRICE | D6: NOTES
A7: 1 | C7: 35
A8: 2 | C8: 35
A9: 3 | C9: 35
A10: 4 | C10: 35
A11: 5 | C11: 35
A12: 6 | C12: 35
A13: 7 | C13: 35
A14: 8 | C14: 35
A15: 9 | C15: 35
A16: 10 | C16: 35
A17: 11 | C17: 35
A18: 12 | C18: 35
... A36: 30 | C36: 35
C37: =SUM(C7:C36) -> 1050

Sheet 3-MEN'S POLO SHIRTS
A1: 3-MEN'S POLO SHIRTS
A3: =DETAILS!A3 -> CUSTOMER: 2018 MIDGET BOX LACROSSE NATIONALS | G3: GRAPHIC: 3
A5: MEN'S POLO SHIRTS WILL BE PRODUCED USING APPROVED GRAPHICS MADE FROM "COMO" MATERIAL. SIZING IS AS SHOWN BELOW USING APPROPRIATE SIZING CHART.
A6: ORDER NUMBER | B6: SIZE | C6: PRICE | D6: NOTES
A7: 1 | C7: 45
A8: 2 | C8: 45
A9: 3 | C9: 45
A10: 4 | C10: 45
A11: 5 | C11: 45
A12: 6 | C12: 45
A13: 7 | C13: 45
A14: 8 | C14: 45
A15: 9 | C15: 45
A16: 10 | C16: 45
A17: 11 | C17: 45
A18: 12 | C18: 45
... A36: 30 | C36: 45
C37: =SUM(C7:C36) -> 1350

Sheet 4-WOMEN'S POLO SHIRTS
A1: 4-WOMEN'S POLO SHIRTS
A3: =DETAILS!A3 -> CUSTOMER: 2018 MIDGET BOX LACROSSE NATIONALS | G3: GRAPHIC: 4
A5: WOMEN'S POLO SHIRTS WILL BE PRODUCED USING APPROVED GRAPHICS MADE FROM "COMO" MATERIAL. SIZING IS AS SHOWN BELOW USING APPROPRIATE SIZING CHART.
A6: ORDER NUMBER | B6: SIZE | C6: PRICE | D6: NOTES
A7: 1 | C7: 45
A8: 2 | C8: 45
A9: 3 | C9: 45
A10: 4 | C10: 45
A11: 5 | C11: 45
A12: 6 | C12: 45
A13: 7 | C13: 45
A14: 8 | C14: 45
A15: 9 | C15: 45
A16: 10 | C16: 45
A17: 11 | C17: 45
A18: 12 | C18: 45
... A36: 30 | C36: 45
C37: =SUM(C7:C36) -> 1350

Sheet 5-MEN'S LACROSSE SHORTS
A1: 5-MEN'S LACROSSE SHORTS
A3: =DETAILS!A3 -> CUSTOMER: 2018 MIDGET BOX LACROSSE NATIONALS | G3: GRAPHIC: 5
A5: MEN'S LACROSSE SHORTS WILL BE PRODUCED USING APPROVED GRAPHICS MADE FROM "HEAVY PRO" MATERIAL. SIZING IS AS SHOWN BELOW USING APPROPRIATE SIZING CHART.
A6: ORDER NUMBER | B6: SIZE | C6: PRICE | D6: NOTES
A7: 1 | C7: 35
A8: 2 | C8: 35
A9: 3 | C9: 35
A10: 4 | C10: 35
A11: 5 | C11: 35
A12: 6 | C12: 35
A13: 7 | C13: 35
A14: 8 | C14: 35
A15: 9 | C15: 35
A16: 10 | C16: 35
A17: 11 | C17: 35
A18: 12 | C18: 35
... A36: 30 | C36: 35
C37: =SUM(C7:C36) -> 1050

Sheet 6-WOMEN'S LACROSSE SHORTS
A1: 6-WOMEN'S LACROSSE SHORTS
A3: =DETAILS!A3 -> CUSTOMER: 2018 MIDGET BOX LACROSSE NATIONALS | G3: GRAPHIC: 6
A5: WOMEN'S LACROSSE SHORTS WILL BE PRODUCED USING APPROVED GRAPHICS MADE FROM "HEAVY PRO" MATERIAL. SIZING IS AS SHOWN BELOW USING APPROPRIATE SIZING CHART.
A6: ORDER NUMBER | B6: SIZE | C6: PRICE | D6: NOTES
A7: 1 | C7: 35
A8: 2 | C8: 35
A9: 3 | C9: 35
A10: 4 | C10: 35
A11: 5 | C11: 35
A12: 6 | C12: 35
A13: 7 | C13: 35
A14: 8 | C14: 35
A15: 9 | C15: 35
A16: 10 | C16: 35
A17: 11 | C17: 35
A18: 12 | C18: 35
... A36: 30 | C36: 35
C37: =SUM(C7:C36) -> 1050

Sheet 7-MEN'S JACKETS
A1: 7-MEN'S JACKETS
A3: =DETAILS!A3 -> CUSTOMER: 2018 MIDGET BOX LACROSSE NATIONALS | G3: GRAPHIC: 7
A5: MEN'S JACKETS WILL BE PRODUCED USING APPROVED GRAPHICS MADE FROM APPROPRIATE MATERIAL. SIZING IS AS SHOWN BELOW USING APPROPRIATE SIZING CHART.
A6: ORDER NUMBER | B6: SIZE | C6: PRICE | D6: NOTES
A7: 1 | C7: 125
A8: 2 | C8: 125
A9: 3 | C9: 125
A10: 4 | C10: 125
A11: 5 | C11: 125
A12: 6 | C12: 125
A13: 7 | C13: 125
A14: 8 | C14: 125
A15: 9 | C15: 125
A16: 10 | C16: 125
A17: 11 | C17: 125
A18: 12 | C18: 125
... A36: 30 | C36: 125
C37: =SUM(C7:C36) -> 3750

Sheet 8-WOMEN'S JACKETS
A1: 8-WOMEN'S JACKETS
A3: =DETAILS!A3 -> CUSTOMER: 2018 MIDGET BOX LACROSSE NATIONALS | G3: GRAPHIC: 8
A5: WOMEN'S JACKETS WILL BE PRODUCED USING APPROVED GRAPHICS MADE FROM APPROPRIATE MATERIAL. SIZING IS AS SHOWN BELOW USING APPROPRIATE SIZING CHART.
A6: ORDER NUMBER | B6: SIZE | C6: PRICE | D6: NOTES
A7: 1 | C7: 125
A8: 2 | C8: 125
A9: 3 | C9: 125
A10: 4 | C10: 125
A11: 5 | C11: 125
A12: 6 | C12: 125
A13: 7 | C13: 125
A14: 8 | C14: 125
A15: 9 | C15: 125
A16: 10 | C16: 125
A17: 11 | C17: 125
A18: 12 | C18: 125
... A36: 30 | C36: 125
C37: =SUM(C7:C36) -> 3750

Sheet 9-GREY HOODIES
A1: 9-GREY HOODIES
A3: =DETAILS!A3 -> CUSTOMER: 2018 MIDGET BOX LACROSSE NATIONALS | G3: GRAPHIC: 9
A5: GREY HOODIES WILL BE PRODUCED USING APPROVED GRAPHICS MADE FROM APPROPRIATE MATERIAL. SIZING IS AS SHOWN BELOW USING APPROPRIATE SIZING CHART.
A6: ORDER NUMBER | B6: SIZE | C6: PRICE | D6: NOTES
A7: 1 | C7: 70
A8: 2 | C8: 70
A9: 3 | C9: 70
A10: 4 | C10: 70
A11: 5 | C11: 70
A12: 6 | C12: 70
A13: 7 | C13: 70
A14: 8 | C14: 70
A15: 9 | C15: 70
A16: 10 | C16: 70
A17: 11 | C17: 70
A18: 12 | C18: 70
... A36: 30 | C36: 70
C37: =SUM(C7:C36) -> 2100

Sheet 10-BLUE HOODIES
A1: 10-BLUE HOODIES
A3: =DETAILS!A3 -> CUSTOMER: 2018 MIDGET BOX LACROSSE NATIONALS | G3: GRAPHIC: 10
A5: BLUE HOODIES WILL BE PRODUCED USING APPROVED GRAPHICS MADE FROM APPROPRIATE MATERIAL. SIZING IS AS SHOWN BELOW USING APPROPRIATE SIZING CHART.
A6: ORDER NUMBER | B6: SIZE | C6: PRICE | D6: NOTES
A7: 1 | C7: 70
A8: 2 | C8: 70
A9: 3 | C9: 70
A10: 4 | C10: 70
A11: 5 | C11: 70
A12: 6 | C12: 70
A13: 7 | C13: 70
A14: 8 | C14: 70
A15: 9 | C15: 70
A16: 10 | C16: 70
A17: 11 | C17: 70
A18: 12 | C18: 70
... A36: 30 | C36: 70
C37: =SUM(C7:C36) -> 2100

Sheet 11-TARTAN HOODIES
A1: 11-TARTAN HOODIES
A3: =DETAILS!A3 -> CUSTOMER: 2018 MIDGET BOX LACROSSE NATIONALS | G3: GRAPHIC: 11
A5: TARTAN HOODIES WILL BE PRODUCED USING APPROVED GRAPHICS MADE FROM APPROPRIATE MATERIAL. SIZING IS AS SHOWN BELOW USING APPROPRIATE SIZING CHART.
A6: ORDER NUMBER | B6: SIZE | C6: PRICE | D6: NOTES
A7: 1 | C7: 70
A8: 2 | C8: 70
A9: 3 | C9: 70
A10: 4 | C10: 70
A11: 5 | C11: 70
A12: 6 | C12: 70
A13: 7 | C13: 70
A14: 8 | C14: 70
A15: 9 | C15: 70
A16: 10 | C16: 70
A17: 11 | C17: 70
A18: 12 | C18: 70
... A36: 30 | C36: 70
C37: =SUM(C7:C36) -> 2100

Sheet 12-BASEBALL HATS
A1: 12-BASEBALL HATS
A3: =DETAILS!A3 -> CUSTOMER: 2018 MIDGET BOX LACROSSE NATIONALS | G3: GRAPHIC: 12
A5: BASEBALL HATS ARE MID-PROFILE WITH PLASTIC SNAPBACK CLOSURE MADE FROM 100% COTTON TWILL WITH 100% POLYESTER MESH AND WILL BE PRODUCED WITH AN EMBROIDERED LOGO. SIZING IS AS SHOWN BELOW.
A6: ORDER NUMBER | B6: SIZE | C6: PRICE | D6: NOTES
A7: 1 | B7: ONE SIZE | C7: 30
A8: 2 | B8: ONE SIZE | C8: 30
A9: 3 | B9: ONE SIZE | C9: 30
A10: 4 | B10: ONE SIZE | C10: 30
A11: 5 | B11: ONE SIZE | C11: 30
A12: 6 | B12: ONE SIZE | C12: 30
A13: 7 | B13: ONE SIZE | C13: 30
A14: 8 | B14: ONE SIZE | C14: 30
A15: 9 | B15: ONE SIZE | C15: 30
A16: 10 | B16: ONE SIZE | C16: 30
A17: 11 | B17: ONE SIZE | C17: 30
A18: 12 | B18: ONE SIZE | C18: 30
... A36: 30 | B36: ONE SIZE | C36: 30
C37: =SUM(C7:C36) -> 900

Sheet 13-BUCKET HATS
A1: 13-BUCKET HATS
A3: =DETAILS!A3 -> CUSTOMER: 2018 MIDGET BOX LACROSSE NATIONALS | G3: GRAPHIC: 13
A5: BUCKET HATS ARE MADE FROM GARMENT WASHED 100% COTTON TWILL AND WILL BE PRODUCED WITH AN EMBROIDERED LOGO. SIZING IS AS SHOWN BELOW.
A6: ORDER NUMBER | B6: SIZE | C6: PRICE | D6: NOTES
A7: 1 | C7: 30
A8: 2 | C8: 30
A9: 3 | C9: 30
A10: 4 | C10: 30
A11: 5 | C11: 30
A12: 6 | C12: 30
A13: 7 | C13: 30
A14: 8 | C14: 30
A15: 9 | C15: 30
A16: 10 | C16: 30
A17: 11 | C17: 30
A18: 12 | C18: 30
... A36: 30 | C36: 30
C37: =SUM(C7:C36) -> 900

Sheet TERMS
A1: TERMS
A3: =DETAILS!A3 -> CUSTOMER: 2018 MIDGET BOX LACROSSE NATIONALS
A5: 1. | B5: Customer is responsible to ensure that all information contained within spreadsheet are correct (names, numbers, sizes, sponsors, captains, prices, etc.).
A6: 2. | B6: Customer is responsible to ensure that designs are correct and will supply "PROCEED WITH ORDER" once all designs are verified.
A7: 3. | B7: Prices shown include shipping, taxes, import, tariffs, duties, and additional forwarding charges. These will be AT ACTUAL COST to the customer.
A8: 4. | B8: Final product will be inspected and delivered to the customer upon arrival in Canada.
